| TOP OF THE 1ST |
|
Helena Brewers batting - Pitching for Johnson City Cardinals : RHP Mario Machado
|
|
Pitching: RHP Mario Machado
|
|
|
Batting: RHB Mohammed bin Ubaida
|
0-0: Foul Ball, location: 2F 0-1: Ball 1-1: Swinging Strike 1-2: Strikes out swinging
|
|
Batting: LHB Alex Chairez
|
0-0: Called Strike 0-1: Called Strike 0-2: Ball 1-2: Ball 2-2: Strikes out looking
|
|
Batting: LHB Fumito Sakurai
|
0-0: Called Strike 0-1: Ball 1-1: Ball 2-1: Ground out 4-3 (Groundball, 4, EV 79.4 MPH)
|
| Top of the 1st over - 0 runs, 0 hits, 0 errors, 0 left on base; Helena 0 - Johnson City 0 |
| BOTTOM OF THE 1ST |
|
Johnson City Cardinals batting - Pitching for Helena Brewers : LHP Taek-hyun Kim
|
|
Pitching: LHP Taek-hyun Kim
|
|
|
Batting: RHB Juan Carrillo
|
0-0: Called Strike 0-1: Ball 1-1: Foul Ball, location: 2F 1-2: Foul Ball, location: 2F 1-2: Foul Ball, location: 2F 1-2: Strikes out swinging
|
|
Batting: LHB Ignacio Ocampo
|
0-0: Foul Ball, location: 2F 0-1: Ball 1-1: Ball 2-1: Foul Ball, location: 2F 2-2: Ball 3-2: Base on Balls
|
|
Batting: RHB McGwire Jones
|
0-0: Called Strike 0-1: Swinging Strike 0-2: Ball 1-2: Strikes out swinging
|
|
Batting: RHB Adam Hudson
|
0-0: Ball 1-0: Ground out 5-3 (Groundball, 56S, EV 80.6 MPH)
|
| Bottom of the 1st over - 0 runs, 0 hits, 0 errors, 1 left on base; Helena 0 - Johnson City 0 |
| TOP OF THE 2ND |
|
Helena Brewers batting - Pitching for Johnson City Cardinals : RHP Mario Machado
|
|
Batting: LHB Greg Reedy
|
0-0: Ball 1-0: Foul Ball, location: 2F 1-1: Ball 2-1: SINGLE (Flyball, 8RS, EV 93.1 MPH)
|
|
Batting: RHB Curtis Montgomery
|
0-0: Ball 1-0: Ball 2-0: Called Strike 2-1: Ball 3-1: Called Strike 3-2: Fielders Choice at 2nd, 1-4 (Groundball, 15S, EV 62.5 MPH)
|
|
Batting: RHB Drew Forbess
|
0-0: Swinging Strike 0-1: Foul Ball, location: 2F 0-2: Strikes out looking
|
|
Batting: RHB Xiao-shuang Au
|
0-0: Ball 1-0: Ball 2-0: Ball 3-0: Foul Ball, location: 2F 3-1: SINGLE (Groundball, 6MD, EV 109.4 MPH) Curtis Montgomery to second
|
|
Batting: RHB Jesus Menjivar
|
0-0: Called Strike 0-1: Ball Wild Pitch! Curtis Montgomery to third Xiao-shuang Au to second 1-1: Ball 2-1: Foul Ball, location: 2F 2-2: Strikes out swinging
|
| Top of the 2nd over - 0 runs, 2 hits, 0 errors, 2 left on base; Helena 0 - Johnson City 0 |
| BOTTOM OF THE 2ND |
|
Johnson City Cardinals batting - Pitching for Helena Brewers : LHP Taek-hyun Kim
|
|
Batting: RHB Chris Rouleau
|
0-0: Ball 1-0: Ball 2-0: Called Strike 2-1: Ball 3-1: Foul Ball, location: 2F 3-2: Strikes out looking
|
|
Batting: SHB Bobby Mercado
|
0-0: Called Strike 0-1: Called Strike 0-2: Strikes out swinging
|
|
Batting: RHB Jonathan Winkler
|
0-0: Ball 1-0: Fly out, F8 (Flyball, 89M, EV 91.2 MPH)
|
| Bottom of the 2nd over - 0 runs, 0 hits, 0 errors, 0 left on base; Helena 0 - Johnson City 0 |
| TOP OF THE 3RD |
|
Helena Brewers batting - Pitching for Johnson City Cardinals : RHP Mario Machado
|
|
Batting: RHB Justin Marino
|
0-0: Ball 1-0: Ball 2-0: Ball 3-0: Called Strike 3-1: Base on Balls
|
|
Batting: RHB Mohammed bin Ubaida
|
0-0: Fielders Choice at 2nd, 6-4 (Groundball, 6M, EV 100.6 MPH)
|
|
Batting: LHB Alex Chairez
|
0-0: Ball 1-0: Fielders Choice at 2nd, 1-6 (Groundball, 34S, EV 66.9 MPH)
|
|
Batting: LHB Fumito Sakurai
|
0-0: Foul Ball, location: 2F 0-1: Swinging Strike 0-2: Strikes out swinging
|
| Top of the 3rd over - 0 runs, 0 hits, 0 errors, 1 left on base; Helena 0 - Johnson City 0 |
| BOTTOM OF THE 3RD |
|
Johnson City Cardinals batting - Pitching for Helena Brewers : LHP Taek-hyun Kim
|
|
Batting: SHB Justin Houser
|
0-0: Called Strike 0-1: Ball 1-1: Ball 2-1: Foul Ball, location: 2F 2-2: Ball 3-2: Foul Ball, location: 2F 3-2: Strikes out swinging
|
|
Batting: LHB Mike East
|
0-0: Foul Ball, location: 2F 0-1: Called Strike 0-2: Fly out, F8 (Line Drive, 8RD, EV 83.8 MPH)
|
|
Batting: RHB Juan Carrillo
|
0-0: Ball 1-0: SINGLE (Groundball, 15S, EV 72.5 MPH) (infield hit)
|
|
Batting: LHB Ignacio Ocampo
|
0-0: Called Strike Juan Carrillo is caught stealing 2nd base 2-6
|
| Bottom of the 3rd over - 0 runs, 1 hit, 0 errors, 0 left on base; Helena 0 - Johnson City 0 |
| TOP OF THE 4TH |
|
Helena Brewers batting - Pitching for Johnson City Cardinals : RHP Mario Machado
|
|
Batting: LHB Greg Reedy
|
0-0: Called Strike 0-1: Foul Ball, location: 2F 0-2: Ball 1-2: Strikes out swinging
|
|
Batting: RHB Curtis Montgomery
|
0-0: Called Strike 0-1: Swinging Strike 0-2: Strikes out swinging
|
|
Batting: RHB Drew Forbess
|
0-0: Ball 1-0: Ball 2-0: Ball 3-0: Called Strike 3-1: SINGLE (Groundball, 6S, EV 65.6 MPH) (infield hit)
|
|
Batting: RHB Xiao-shuang Au
|
0-0: SINGLE (Groundball, 6MD, EV 97.5 MPH) Drew Forbess to second
|
|
Batting: RHB Jesus Menjivar
|
0-0: Foul Ball, location: 2F 0-1: Swinging Strike 0-2: Ball Wild Pitch! Drew Forbess to third Xiao-shuang Au to second 1-2: Ground out 6-3 (Groundball, 56, EV 103.1 MPH)
|
| Top of the 4th over - 0 runs, 2 hits, 0 errors, 2 left on base; Helena 0 - Johnson City 0 |
| BOTTOM OF THE 4TH |
|
Johnson City Cardinals batting - Pitching for Helena Brewers : LHP Taek-hyun Kim
|
|
Batting: LHB Ignacio Ocampo
|
0-0: Ball 1-0: Foul Ball, location: 2F 1-1: SINGLE (Groundball, 34D, EV 106.9 MPH)
|
|
Batting: RHB McGwire Jones
|
0-0: Called Strike Ignacio Ocampo steals 2nd base (no throw) 0-1: Called Strike 0-2: Ground out 4-3 (Groundball, 4M, EV 84.4 MPH) Ignacio Ocampo to third
|
|
Batting: RHB Adam Hudson
|
0-0: Intentional Walk
|
|
Batting: RHB Chris Rouleau
|
0-0: Ball 1-0: Ball 2-0: Foul Ball, location: 2F 2-1: Ball 3-1: Swinging Strike 3-2: Strikes out swinging
|
|
Batting: SHB Bobby Mercado
|
0-0: Called Strike 0-1: Foul Ball, location: 2F 0-2: Foul Ball, location: 2F 0-2: Ball 1-2: Ball 2-2: Ball 3-2: Foul Ball, location: 2F 3-2: SINGLE (Groundball, 6D, EV 100.0 MPH) Ignacio Ocampo scores Adam Hudson to second Adam Hudson to third
|
|
Batting: RHB Jonathan Winkler
|
0-0: Swinging Strike 0-1: Called Strike Bobby Mercado is caught stealing 2nd base 2-4
|
| Bottom of the 4th over - 1 run, 2 hits, 0 errors, 1 left on base; Helena 0 - Johnson City 1 |
| TOP OF THE 5TH |
|
Helena Brewers batting - Pitching for Johnson City Cardinals : RHP Mario Machado
|
|
Batting: RHB Justin Marino
|
0-0: Foul Ball, location: 2F 0-1: Ball 1-1: Foul Ball, location: 2F 1-2: Foul Ball, location: 2F 1-2: Ball 2-2: SINGLE (Groundball, 4MD, EV 102.5 MPH)
|
|
Batting: RHB Mohammed bin Ubaida
|
0-0: Ball 1-0: Foul Ball, location: 2F 1-1: Ball 2-1: Ball 3-1: Foul Ball, location: 2F 3-2: Strikes out swinging
|
|
Batting: LHB Alex Chairez
|
0-0: Ball 1-0: Ball 2-0: Fielders Choice at 2nd, 6-4 (Groundball, 6, EV 90.6 MPH)
|
|
Batting: LHB Fumito Sakurai
|
0-0: Called Strike Alex Chairez is caught stealing 2nd base 2-6
|
| Top of the 5th over - 0 runs, 1 hit, 0 errors, 0 left on base; Helena 0 - Johnson City 1 |
| BOTTOM OF THE 5TH |
|
Johnson City Cardinals batting - Pitching for Helena Brewers : LHP Taek-hyun Kim
|
|
Batting: RHB Jonathan Winkler
|
0-0: Ball 1-0: Called Strike 1-1: Called Strike 1-2: Strikes out looking
|
|
Batting: SHB Justin Houser
|
0-0: Ball 1-0: Ball 2-0: Called Strike 2-1: Called Strike 2-2: Foul Ball, location: 2F 2-2: Foul Ball, location: 2F 2-2: Strikes out swinging
|
|
Batting: LHB Mike East
|
0-0: Called Strike 0-1: Swinging Strike 0-2: Ball 1-2: Strikes out looking
|
| Bottom of the 5th over - 0 runs, 0 hits, 0 errors, 0 left on base; Helena 0 - Johnson City 1 |
| TOP OF THE 6TH |
|
Helena Brewers batting - Pitching for Johnson City Cardinals : RHP Mario Machado
|
|
Batting: LHB Fumito Sakurai
|
0-0: Ground out 4-3 (Groundball, 4, EV 101.9 MPH)
|
|
Batting: LHB Greg Reedy
|
0-0: Called Strike 0-1: Foul Ball, location: 2F 0-2: Ball 1-2: Ground out 4-3 (Groundball, 4, EV 91.2 MPH)
|
|
Batting: RHB Curtis Montgomery
|
0-0: Ball 1-0: SINGLE (Line Drive, 4M, EV 98.1 MPH)
|
|
Batting: RHB Drew Forbess
|
0-0: Ground out 4-3 (Groundball, 4, EV 87.5 MPH)
|
| Top of the 6th over - 0 runs, 1 hit, 0 errors, 1 left on base; Helena 0 - Johnson City 1 |
| BOTTOM OF THE 6TH |
|
Johnson City Cardinals batting - Pitching for Helena Brewers : LHP Taek-hyun Kim
|
|
Batting: RHB Juan Carrillo
|
0-0: Ball 1-0: Ball 2-0: Called Strike 2-1: Swinging Strike 2-2: Ground out 5-3 (Groundball, 56S, EV 66.2 MPH)
|
|
Batting: LHB Ignacio Ocampo
|
0-0: Ball 1-0: Ball 2-0: Swinging Strike 2-1: Fly out, F8 (Line Drive, 8LM, EV 95.0 MPH)
|
|
Batting: RHB McGwire Jones
|
0-0: Called Strike 0-1: Ground out 6-3 (Groundball, 6, EV 103.8 MPH)
|
| Bottom of the 6th over - 0 runs, 0 hits, 0 errors, 0 left on base; Helena 0 - Johnson City 1 |
| TOP OF THE 7TH |
|
Helena Brewers batting - Pitching for Johnson City Cardinals : RHP Mario Machado
|
|
Batting: RHB Xiao-shuang Au
|
0-0: Called Strike 0-1: Ground out 5-3 (Groundball, 5, EV 97.5 MPH)
|
|
Pinch Hitting: RHB Jeremy Harden
|
0-0: Foul Ball, location: 2F 0-1: Foul Ball, location: 2F 0-2: Strikes out swinging
|
|
Batting: RHB Justin Marino
|
0-0: Swinging Strike 0-1: Ball 1-1: Called Strike 1-2: Strikes out swinging
|
| Top of the 7th over - 0 runs, 0 hits, 0 errors, 0 left on base; Helena 0 - Johnson City 1 |
| BOTTOM OF THE 7TH |
|
Johnson City Cardinals batting - Pitching for Helena Brewers : LHP Taek-hyun Kim
|
|
Now in CF: Jeremy Harden
|
|
|
Batting: RHB Adam Hudson
|
0-0: Ball 1-0: Ball 2-0: Called Strike 2-1: Ball 3-1: Called Strike 3-2: Base on Balls
|
|
Batting: RHB Chris Rouleau
|
0-0: Called Strike 0-1: Ball 1-1: Called Strike 1-2: SINGLE (Line Drive, 4D, EV 96.9 MPH) Adam Hudson to second Runner from 2nd tries for 3rd, SAFE, no throw by RF
|
|
Batting: SHB Bobby Mercado
|
0-0: Called Strike Chris Rouleau is caught stealing 2nd base 2-4 0-1: Squeeze Bunt to 5S - play home, runner OUT, batter safe! 5-2
|
|
Batting: RHB Jonathan Winkler
|
0-0: Ball 1-0: Called Strike 1-1: Called Strike 1-2: SINGLE (Line Drive, 6M, EV 99.4 MPH) Bobby Mercado to second
|
|
Batting: SHB Justin Houser
|
0-0: Ball 1-0: Foul Ball, location: 2F 1-1: SINGLE (Flyball, 7S, EV 85.0 MPH) Bobby Mercado to third Jonathan Winkler to second Runner from 3rd tries for Home, SAFE, throw by LF to home
|
|
Batting: LHB Mike East
|
0-0: Foul Ball, location: 2F 0-1: Ball 1-1: Called Strike 1-2: Ball 2-2: Foul Ball, location: 2F 2-2: Strikes out swinging
|
| Bottom of the 7th over - 1 run, 3 hits, 0 errors, 2 left on base; Helena 0 - Johnson City 2 |
| TOP OF THE 8TH |
|
Helena Brewers batting - Pitching for Johnson City Cardinals : RHP Mario Machado
|
|
Pitching: RHP Ricky Enriquez
|
|
|
Now in LF: Edgar Klockow
|
|
|
Now in CF: Jonathan Winkler
|
|
|
Batting: RHB Mohammed bin Ubaida
|
0-0: Ball 1-0: Foul Ball, location: 2F 1-1: Foul Ball, location: 2F 1-2: Ball 2-2: Foul Ball, location: 2F 2-2: Strikes out swinging, 2-3 out at first.
|
|
Batting: LHB Alex Chairez
|
0-0: Ball 1-0: Ball 2-0: Ball 3-0: Called Strike 3-1: Swinging Strike 3-2: Base on Balls
|
|
Batting: LHB Fumito Sakurai
|
0-0: Ball 1-0: Swinging Strike 1-1: Foul Ball, location: 2F 1-2: Ball 2-2: Foul Ball, location: 2F 2-2: Grounds into double play, 5-4-3 (Groundball, 56, EV 98.8 MPH)
|
| Top of the 8th over - 0 runs, 0 hits, 0 errors, 0 left on base; Helena 0 - Johnson City 2 |
| BOTTOM OF THE 8TH |
|
Johnson City Cardinals batting - Pitching for Helena Brewers : LHP Taek-hyun Kim
|
|
Batting: RHB Juan Carrillo
|
0-0: Ball 1-0: Foul Ball, location: 2F 1-1: Fly out, F9 (Flyball, 9LSF, EV 87.5 MPH)
|
|
Batting: RHB Edgar Klockow
|
0-0: Ball 1-0: Ball 2-0: Ball 3-0: Called Strike 3-1: SINGLE (Flyball, 8RS, EV 85.0 MPH)
|
|
Pitching: RHP Alejandro Souto
|
|
|
Batting: RHB McGwire Jones
|
0-0: Ball 1-0: Ball 2-0: Ball 3-0: Called Strike 3-1: Base on Balls Edgar Klockow to second
|
|
Batting: RHB Adam Hudson
|
0-0: Called Strike 0-1: Foul Ball, location: 2F 0-2: Ball 1-2: Foul Ball, location: 2F 1-2: Ball 2-2: Foul Ball, location: 2F 2-2: Foul Ball, location: 2F 2-2: Foul Ball, location: 2F 2-2: Foul Ball, location: 2F 2-2: Ball 3-2: Foul Ball, location: 2F 3-2: SINGLE (Groundball, 6MD, EV 110.6 MPH) Edgar Klockow to third McGwire Jones to second Runner from 3rd tries for Home, SAFE, throw by CF to home
|
|
Batting: RHB Chris Rouleau
|
0-0: Ball 1-0: Ball 2-0: Swinging Strike 2-1: Fly out, F9 (Flyball, 9D, EV 103.1 MPH) Runner from 2nd tags up, SAFE at 3rd, no throw by RF
|
|
Batting: SHB Bobby Mercado
|
0-0: Called Strike 0-1: Called Strike 0-2: Strikes out swinging
|
| Bottom of the 8th over - 1 run, 2 hits, 0 errors, 2 left on base; Helena 0 - Johnson City 3 |
| TOP OF THE 9TH |
|
Helena Brewers batting - Pitching for Johnson City Cardinals : RHP Ricky Enriquez
|
|
Batting: LHB Greg Reedy
|
0-0: Called Strike 0-1: Ball 1-1: Ball 2-1: Ball 3-1: Base on Balls
|
|
Batting: RHB Curtis Montgomery
|
0-0: Foul Ball, location: 2F 0-1: Fly out, F8 (Flyball, 8LD, EV 103.1 MPH)
|
|
Pinch Hitting: LHB Dusty Bryant
|
0-0: Called Strike 0-1: Called Strike 0-2: Ball 1-2: Foul Ball, location: 2F 1-2: Strikes out looking
|
|
Batting: RHB Xiao-shuang Au
|
0-0: Foul Ball, location: 2F 0-1: Foul Ball, location: 2F 0-2: Ball 1-2: Ball 2-2: Foul Ball, location: 2F 2-2: Strikes out looking
|
| Top of the 9th over - 0 runs, 0 hits, 0 errors, 1 left on base; Helena 0 - Johnson City 3 |
|